 Dungeon Crawl Stone Soup version 0.29.1-1-gd02db6906a (webtiles) character file.

Game seed: 9973883625919400895

546 RascalDebosk the Conjurer (level 7, -4/36 HPs)
             Began as a Deep Elf Conjurer on Oct 4, 2022.
             Slain by an orc warrior
             ... wielding a +0 flail of flaming
              (10 damage)
             ... on level 5 of the Dungeon.
             The game lasted 00:28:43 (4298 turns).

RascalDebosk the Conjurer (Deep Elf Conjurer)       Turns: 4298, Time: 00:28:44

Health: -4/36      AC:  3    Str:  4    XL:     7   Next: 6%
Magic:  0/16       EV: 13    Int: 25    God:
Gold:   158        SH:  0    Dex: 13    Spells: 1/15 levels left

rFire   . . .      SeeInvis +   d - +0 short sword
rCold   . . .      Faith    .   (no shield)
rNeg    . . .      Spirit   .   a - +0 robe
rPois   .          Reflect  .   n - +0 helmet
rElec   .          Harm     .   (no cloak)
rCorr   .          Rampage  .   (no gloves)
Will    .....                   (no boots)
Stlth   +++.......              m - amulet of regeneration
HPRegen 0.92/turn               w - ring of see invisible
MPRegen 0.15/turn               (no ring)

@: weak-willed
A: no striking features
a: no special abilities


You were on level 5 of the Dungeon.
You visited 2 branches of the dungeon, and saw 6 of its levels.

You collected 308 gold pieces.
You spent 150 gold pieces at shops.

Inventory:

Hand Weapons
 d - a +0 short sword (weapon)
 s - a +0 dagger
Armour
 a - a +0 robe (worn)
 n - a +0 helmet (worn)
Jewellery
 m - an amulet of regeneration (around neck)
 w - a ring of see invisible (left hand)
Wands
 o - a wand of light (6)
Scrolls
 c - a scroll of torment
 g - 2 scrolls of blinking
 l - 2 scrolls of immolation
 t - 2 scrolls of teleportation
 x - a scroll of magic mapping
Potions
 e - a potion of ambrosia {unknown}
 f - a potion of might {unknown}
 h - 4 potions of curing
 i - a potion of attraction {unknown}
 k - a potion of flight {unknown}
 p - 2 potions of heal wounds
 r - a potion of degeneration {unknown}
 v - a potion of haste


   Skills:
 + Level 4.3 Dodging
 + Level 4.7 Stealth
 + Level 4.9 Spellcasting
 + Level 5.5 Conjurations
 + Level 3.5 Hexes
 + Level 3.0 Translocations


You had one spell level left.
You knew the following spells:

 Your Spells              Type           Power      Damage    Failure   Level
a - Magic Dart            Conj           100%       1d8       1%          1
b - Searing Ray           Conj           66%        2d6       1%          2
c - Dazzling Flash        Conj/Hex       58%        N/A       3%          3
d - Fulminant Prism       Conj/Hex       14%        3d9       13%         4
e - Iskenderun's Mystic   Conj/Tloc      27%        2d7       14%         4

Your spell library contained the following spells:

 Spells                   Type           Power      Damage    Failure   Level
 Static Discharge         Conj/Air       20%        3-6/arc   4%          2
 Sticky Flame             Conj/Fire      20%        2d4       26%         4
 Dispel Undead            Necr           6%         3d8       63%         4


Dungeon Overview and Level Annotations

Branches:
Dungeon (5/15)             Temple (1/1) D:4

Altars:
Ashenzari
Dithmenos
Elyvilon
Fedhas
Gozag
Kikubaaqudgha
Makhleb
Nemelex Xobeh
Uskayaw
Xom
Yredelemnul

Shops:
D:1 =


Message History

The mystic blast hits the orc!
You kill the orc!
The orc hits you with a +0 hand axe.
Casting: Iskenderun's Mystic Blast (quite dangerous; 14% risk of failure)
Confirm with . or Enter, or press ? or * to list all spells.
Aiming: Searing Ray (safe; 1% risk of failure)
Press: ? - help, Shift-Dir - straight line, f - orc
Aim: an orc, wielding a +0 hand axe and wearing a +0 chain mail (86% to hit)
The searing ray hits the orc!
You kill the orc! (Press . to maintain the ray.)
You start resting.
HP restored.
You start resting.
Magic restored.
As you read the scroll labelled RANINI UHUYZXEF, it crumbles to dust.
Magic quickly surges around you.
It was a scroll of vulnerability.
As you read the scroll labelled ODOIBR EGOST, it crumbles to dust.
A profound silence engulfs you.
It was a scroll of silence.
You start waiting.
Your hearing returns.
As you read the scroll labelled JINLAG JIPEHACS, it crumbles to dust.
You hear a loud clanging noise!
It was a scroll of noise.
You climb downwards.
An orc warrior comes into view. It is wielding a +0 flail of flaming.
There is a stone staircase leading up, spattered with blood here.
Aiming: Magic Dart (safe; 1% risk of failure)
Press: ? - help, Q - select action, (/) - cycle Shift-Dir - straight line, f - orc warrior
Aim: an orc warrior, wielding a +0 flail of flaming and wearing a +0 plate armour (wandering, hasn't noticed you, 100% to hit)
The magic dart hits the orc warrior but does no damage.
The orc warrior shouts!
Casting: Magic Dart (safe; 1% risk of failure)
Confirm with . or Enter, or press ? or * to list all spells.
Aiming: Searing Ray (safe; 1% risk of failure)
Press: ? - help, Shift-Dir - straight line, f/p - orc warrior
Aim: an orc warrior, wielding a +0 flail of flaming and wearing a +0 plate armour (81% to hit)
The searing ray hits the orc warrior.
The orc warrior is lightly wounded. (Press . to maintain the ray.)
A quokka comes into view.
The searing ray hits the orc warrior.
The orc warrior is moderately wounded.
The searing ray hits the orc warrior.
The orc warrior is heavily wounded.
The searing ray hits the orc warrior.
The orc warrior is heavily wounded.
You finish channelling your searing ray.
The orc warrior hits you with a +0 flail of flaming!
The orc warrior burns you.
The orc warrior hits you with a +0 flail of flaming!
* * * LOW HITPOINT WARNING * * *
The orc warrior burns you.
* * * LOW HITPOINT WARNING * * *
Casting: Searing Ray (safe; 1% risk of failure)
Confirm with . or Enter, or press ? or * to list all spells.
The spell is quite dangerous to miscast (14% risk of failure)!
Continue anyway?
You erupt in a blast of force!
The mystic blast hits the orc warrior!
The orc warrior is almost dead.
The orc warrior is knocked back by the mystic blast.
The orc warrior slams into the rock wall!
* * * LOW MAGIC WARNING * * *
You hear a shout!
You hear an angry hiss.
Casting: Iskenderun's Mystic Blast (quite dangerous; 14% risk of failure)
Confirm with . or Enter, or press ? or * to list all spells.
You don't know that spell.
Casting: Iskenderun's Mystic Blast (quite dangerous; 14% risk of failure)
Confirm with . or Enter, or press ? or * to list all spells.
The spell is quite dangerous to miscast (14% risk of failure)!
Continue anyway?
You erupt in a blast of force!
The mystic blast hits the orc warrior but does no damage.
The orc warrior is almost dead.
* * * LOW MAGIC WARNING * * *
The orc warrior closely misses you.
You feel much better.
An adder comes into view.
The orc warrior misses you.
Casting: Iskenderun's Mystic Blast (quite dangerous; 14% risk of failure)
Confirm with . or Enter, or press ? or * to list all spells.
Aiming: Searing Ray (safe; 1% risk of failure)
Press: ? - help, Shift-Dir - straight line, f - quokka, p - orc warrior
Aim: a quokka (73% to hit)
The searing ray hits the orc warrior.
The orc warrior is almost dead.
The searing ray hits the quokka!
You kill the quokka! (Press . to maintain the ray.)
* * * LOW MAGIC WARNING * * *
An orc comes into view. It is wielding a +0 short sword.
The orc warrior hits you with a +0 flail of flaming!
* * * LOW HITPOINT WARNING * * *
The orc warrior burns you.
* * * LOW HITPOINT WARNING * * *
The searing ray hits the orc warrior but does no damage.
The orc warrior is almost dead.
* * * LOW MAGIC WARNING * * *
The orc warrior closely misses you.
Without enough magic to sustain it, your searing ray dissipates.
The orc warrior hits you with a +0 flail of flaming!
You die...

## # #.#
##. ##..
.#...##..
#.......#
#)o@#
......#.#
..... #.#
.... .S.
... ...
#o .....
. .....
.......


You could see an orc warrior, an adder and an orc.

Vanquished Creatures
  An ogre (D:4)
  A phantom (D:4)
  A bullfrog (D:4)
  A scorpion (D:4)
  A hound (D:4)
  An orc priest (D:4)
  An iguana (D:5)
  7 adders
  A worm (D:3)
  2 dart slugs (D:3)
  20 orcs
  6 bats
  4 endoplasms
  5 giant cockroaches
  9 goblins
  4 hobgoblins
  7 quokkas
  10 ball pythons
  3 frilled lizards
  5 kobolds
  4 rats
  A fulminant prism (D:4)
95 creatures vanquished.

Vanquished Creatures (others)
  3 fulminant prisms
3 creatures vanquished.

Grand Total: 98 creatures vanquished

Notes
Turn   | Place    | Note
-------+----------+-------------------------------------------
     0 | D:1      | RascalDebosk the Deep Elf Conjurer began the quest for the
                  | Orb.
     0 | D:1      | Reached XP level 1. HP: 10/10 MP: 6/6
   193 | D:1      | Reached XP level 2. HP: 15/15 MP: 4/8
   575 | D:1      | Reached skill level 1 in Hexes
   626 | D:1      | Reached XP level 3. HP: 19/19 MP: 8/10
   629 | D:1      | Learned a level 2 spell: Searing Ray
   633 | D:1      | Learned a level 3 spell: Dazzling Flash
   678 | D:1      | Found Otoots's Jewellery Boutique.
   867 | D:2      | Reached skill level 1 in Translocations
  1509 | D:2      | Reached XP level 4. HP: 24/24 MP: 9/11
  1644 | D:2      | Learned a level 4 spell: Fulminant Prism
  2276 | D:3      | Found a hide-covered altar of Uskayaw.
  2517 | D:3      | Reached XP level 5. HP: 28/28 MP: 2/13
  2698 | D:1      | Bought a ring of see invisible for 150 gold pieces
  3099 | D:4      | Reached skill level 5 in Conjurations
  3197 | D:4      | Noticed a phantom
  3204 | D:4      | Killed a phantom
  3205 | D:4      | Reached XP level 6. HP: 32/32 MP: 2/14
  3909 | D:4      | Found a staircase to the Ecumenical Temple.
  3949 | Temple   | Entered the Ecumenical Temple
  4169 | D:5      | Entered Level 5 of the Dungeon
  4201 | D:4      | Reached XP level 7. HP: 33/36 MP: 1/16
  4206 | D:4      | Learned a level 4 spell: Iskenderun's Mystic Blast
  4298 | D:5      | Slain by an orc warrior

Illustrated notes

Levels and vault maps discovered:
D:1:      minmay_arrival_glassed_features, layout_rooms, serial_shops,
          nicolae_square_shop, minmay_pentomino_o4
D:2:      layout_loops_ring, chequers_serial_rivers_small_a,
          minmay_misc_feat_chi
D:3:      layout_loops_corners, mainiacjoe_overflow_concentric_impassable,
          portal_sewer_entry_d, minmay_vboxes
D:4:      layout_cave_pools, minmay_temple_entry_stoned_glass,
          kennysheep_generic_room_5
D:5:      layout_basic, nzn_overflow_gifts_of_might_and_magic
Temple:   zaba_magenta_temple

Skill      XL: |  1  2  3  4  5  6 |
---------------+-------------------+-----
Hexes          | 1 2 3 |  3.5
Translocations | 1 2 3 |  3.0
Stealth        | 3 4 |  4.7
Dodging        | 3 4 |  4.3
Spellcasting   | 4 |  4.9
Conjurations   | 5 |  5.5

Action                   |  1- 3 |  4- 6 |  7- 9 || total
-------------------------+-------+-------+-------++-------
Melee: Short sword       |     3 |    28 |       ||    31
       Punch             |       |     1 |       ||     1
 Cast: Magic Dart        |    65 |   107 |     4 ||   176
       Dazzling Flash    |     2 |       |       ||     2
       Searing Ray       |     1 |     6 |     3 ||    10
       Fulminant Prism   |       |     4 |       ||     4
       Iskenderun's Myst |       |       |     3 ||     3
  Use: Scroll            |       |     7 |     3 ||    10
       Potion            |       |       |     2 ||     2
 Stab: Invisible         |     1 |       |       ||     1
Armor: Robe              |     2 |    10 |     1 ||    13
Dodge: Dodged            |    10 |    46 |    18 ||    74
